Map: Scythe of Amon

Players

Jodle

  • Race: Protoss Protoss
  • Spawn Location: 5:00

NamroodTuo

  • Race: Terran Terran
  • Spawn Location: 5:00

VOD

Have the link to the VOD?

Description

Time

  • Played on: March 25, 2023, 7:22 a.m.
  • Length: 23:41
Show
View Real Time Build Order
Export as new Build Order

Jodle Protoss 

Build Orders:  

Get SALT Encoding   

  12  0:05  Probe (Chrono Boost)  
  13  0:17  Probe (Chrono Boost)  
  14  0:28  Pylon  
  14  0:34  Probe (Chrono Boost)  
  15  0:50  Probe (Chrono Boost)  
  15  0:56  Gateway  
  16  1:11  Forge  
  16  1:34  Probe (Chrono Boost)  
  16  1:35  Assimilator  
  17  1:46  Probe (Chrono Boost)  
  17  1:47  Assimilator  
  18  1:54  Pylon  
  18  2:04  Pylon  
  18  2:15  Cybernetics Core  
  18  2:20  Probe (Chrono Boost)  
  19  2:32  Probe (Chrono Boost)  
  20  2:44  Probe (Chrono Boost)  
  21  2:56  Probe (Chrono Boost)  
  22  3:06  Pylon  
  22  3:08  Probe (Chrono Boost)  
  22  3:11  Pylon  
  23  3:20  Probe (Chrono Boost)  
  23  3:29  Pylon  
  24  3:32  Probe (Chrono Boost)  
  25  3:44  Probe (Chrono Boost)  
  25  3:47  Stargate  
  26  3:56  Probe (Chrono Boost)  
  27  4:35  Stargate  
  27  4:53  Fleet Beacon  
  27  5:05  Pylon  
  27  5:31  Photon Cannon  
  27  5:33  Photon Cannon  
  27  5:34  Photon Cannon  
  27  5:37  Photon Cannon  
  27  5:41  Photon Cannon  
  27  5:45  Probe (Chrono Boost)  
  28  6:02  Carrier  
  34  6:58  Carrier  
  40  7:42  Pylon  
  40  7:53  Carrier  
  46  9:14  Carrier  
  52  10:36  Protoss Air Weapons Level 1  
  52  10:43  Carrier  
  58  11:13  Pylon  
  58  11:15  Pylon  
  58  11:17  Pylon  
  58  11:19  Pylon  
  58  11:20  Pylon  
  58  11:42  Carrier  
  64  12:33  Nexus  
  64  12:36  Carrier  
  64  12:59  Assimilator  
  70  13:04  Assimilator  
  70  13:35  Carrier  
  70  13:52  Pylon  
  70  13:53  Pylon  
  70  13:56  Pylon  
  70  13:58  Pylon  
  70  14:19  Probe (Chrono Boost)  
  77  14:31  Probe (Chrono Boost), Photon Cannon  
  77  14:34  Photon Cannon  
  77  14:36  Photon Cannon  
  77  14:38  Photon Cannon  
  78  14:40  Photon Cannon  
  78  14:44  Probe (Chrono Boost)  
  79  14:56  Probe (Chrono Boost)  
  80  15:07  Carrier  
  80  15:08  Probe (Chrono Boost)  
  81  15:25  Carrier  
  81  15:44  Probe (Chrono Boost)  
  94  15:56  Probe (Chrono Boost)  
  95  16:08  Probe (Chrono Boost)  
  84  16:32  Carrier  
  90  17:13  Carrier  
  96  19:33  Robotics Facility  
  96  19:39  Carrier  
  96  19:41  Pylon  
  96  19:42  Protoss Air Weapons Level 2  
  95  19:58  Carrier  
  95  20:17  Probe (Chrono Boost)  
  108  20:29  Probe (Chrono Boost)  
  109  20:41  Probe (Chrono Boost)  
  110  21:04  Carrier  
  110  21:06  Probe (Chrono Boost)  
  111  21:18  Probe (Chrono Boost)  
  112  21:30  Probe (Chrono Boost)  
  119  21:42  Probe (Chrono Boost)  
  120  21:54  Probe (Chrono Boost)  
Show
View Real Time Build Order
Export as new Build Order

NamroodTuo Terran 

Build Orders:  

Get SALT Encoding   

  12  0:02  SCV  
  13  0:20  SCV  
  14  0:31  Supply Depot  
  14  0:32  SCV  
  15  1:13  SCV  
  16  1:25  SCV, Factory  
  17  1:37  SCV  
  18  1:40  Engineering Bay  
  18  1:49  SCV  
  19  2:01  SCV  
  20  2:12  SCV  
  21  2:24  SCV, Perdition Turret  
  21  2:25  Perdition Turret  
  21  2:27  Perdition Turret  
  22  2:36  SCV  
  23  2:43  Supply Depot  
  23  2:58  Supply Depot  
  23  3:02  SCV  
  23  3:05  Refinery  
  23  3:09  Refinery  
  24  3:14  SCV  
  25  3:20  Devastation Turret  
  25  3:26  SCV  
  26  3:37  SCV  
  26  3:49  SCV  
  28  4:11  Devastation Turret  
  28  4:20  Fire-Suppression Systems  
  28  4:29  Armory  
  28  4:45  Spinning Dizzy  
  28  4:59  Spinning Dizzy  
  28  5:00  Factory Tech Reactor  
  28  5:01  SCV  
  29  5:14  Starport  
  29  5:19  Hellion  
  31  5:36  SCV  
  32  5:48  SCV  
  32  5:49  Supply Depot  
  33  6:00  SCV  
  33  6:03  Supply Depot  
  33  6:06  Supply Depot  
  33  6:07  Starport Tech Reactor  
  34  6:12  SCV  
  35  7:33  Wraith x2  
  39  7:50  Starport  
  39  8:07  Science Vessel  
  39  8:08  Wraith  
  39  8:11  Upgrade Laser Drill Level 1  
  41  8:41  Science Vessel  
  39  8:50  Wraith  
  41  9:04  Starport Tech Reactor  
  41  9:09  Starport  
  41  9:24  Wraith  
  43  9:44  Perdition Turret  
  43  9:46  Perdition Turret  
  43  9:57  Regenerative Bio-Steel  
  43  9:58  Devastation Turret  
  43  10:17  Spinning Dizzy  
  43  10:19  Command Center  
  43  10:29  KMC Auto-Loaders  
  43  10:46  Perdition Turret  
  43  10:47  Perdition Turret  
  43  10:49  Perdition Turret  
  43  10:52  Perdition Turret  
  43  11:03  SCV  
  44  11:12  Advanced Optics  
  44  11:15  SCV  
  44  11:17  Refinery  
  44  11:18  Refinery  
  45  11:22  Pulse Amplifier  
  45  11:25  Improved Nano-Repair  
  45  11:27  SCV, Starport Tech Reactor  
  46  11:39  SCV  
  47  11:51  SCV  
  48  12:03  SCV  
  49  12:13  Defensive Matrix  
  49  12:14  SCV  
  49  12:15  Science Vessel, Displacement Field  
  49  12:17  Wraith, Devastation Turret  
  50  12:22  Upgrade Laser Drill Level 2  
  50  12:26  SCV  
  55  12:37  Perdition Turret  
  55  12:38  SCV  
  56  12:50  SCV, Supply Depot  
  56  12:51  Terran Vehicle And Ship Armor Level 1  
  57  13:16  Science Vessel  
  57  13:18  Wraith  
  57  13:22  Supply Depot  
  61  13:30  SCV  
  62  13:42  SCV  
  63  13:53  SCV  
  63  13:55  Wraith x3  
  63  13:57  Supply Depot  
  64  14:05  SCV  
  71  14:18  Wraith  
  71  14:19  Wraith  
  75  14:30  Supply Depot  
  75  14:46  Devastation Turret  
  75  14:55  Supply Depot  
  75  15:10  Terran Vehicle and Ship Weapons Level 1  
  75  15:15  Supply Depot  
  75  15:37  Science Vessel  
  75  15:38  Wraith x2  
  75  15:39  Wraith x3  
  75  15:47  SCV  
  88  15:58  SCV  
  89  16:10  SCV  
  89  16:13  Wraith x3  
  96  16:21  Wraith  
  96  16:22  SCV  
  99  16:34  SCV  
  100  16:43  Science Vessel  
  100  16:44  Wraith  
  100  16:46  SCV  
  100  16:48  Wraith  
  105  16:58  SCV  
  104  17:31  Wraith x6  
  106  18:05  Wraith x2  
  106  18:06  Wraith x4  
  108  18:40  Wraith x3  
  108  18:41  Wraith  
  108  18:45  Terran Vehicle And Ship Armor Level 2  
  116  18:50  Perdition Turret  
  116  18:59  Wraith  
  116  19:00  Wraith  
  120  19:15  Wraith  
  121  19:40  Spinning Dizzy  
  120  20:09  Hi-Sec Auto Tracking  
  119  20:20  Wraith  
  119  20:21  Wraith  
  123  20:42  Supply Depot  
  123  20:44  Supply Depot  
  123  20:45  Supply Depot  
  123  20:46  Supply Depot  
  123  20:50  Wraith  
  125  21:01  Structure Armor  
  125  21:11  Wraith x2  
  125  21:12  Wraith x2  
  125  21:14  Supply Depot  
  125  21:19  Supply Depot  
  133  21:22  Supply Depot  
  133  21:26  Supply Depot  
  133  21:52  Supply Depot  
  133  21:55  Wraith x2  
  133  21:56  Wraith x4  
  133  21:58  Supply Depot  
  155  23:13  Perdition Turret  
Tags
 
Commander
KaraxSwann
Matchup
Co-op
Replay Pack
Multiplayer
Add a new tag
Caveats
  • Supply blocks, unpowered buildings, or Contaminate may cause inaccurate times.
  • Supply counts are checked every 10 seconds.